 Dungeon Crawl Stone Soup version 0.27.0-1-g7a089689b8 (webtiles) character file.

Game seed: 5058221965182876119

30 Malachi the Sneak (level 3, 0/16 HPs)
             Began as a Vine Stalker Enchanter on Aug 15, 2021.
             Succumbed to a kobold's poison
             ... on level 2 of the Dungeon.
             The game lasted 00:01:24 (1456 turns).

Malachi the Sneak (Vine Stalker Enchanter)          Turns: 1456, Time: 00:01:25

Health: 0/16       AC:  2    Str: 10    XL:     3   Next: 18%
Magic:  4/7        EV: 12    Int: 16    God:
Gold:   94         SH:  0    Dex: 14    Spells: 0/6 levels left

rFire    + . .     SeeInvis .   a - +1 dagger
rCold    + . .     Faith    .   (no shield)
rNeg     . . .     Spirit   +   b - +0 robe
rPois    +         Reflect  .   (no helmet)
rElec    +         Harm     .   (no cloak)
rCorr    +         Rampage  .   (no gloves)
Will     .....                  (no boots)
Stlth    +++.......             (no amulet)
HPRegen  0.05/turn              (no ring)
MPRegen  0.10/turn              (no ring)

@: lethally poisoned (0 -> -10), resistant
A: fangs 2, magic shield, antimagic bite, no potion heal 2
a: no special abilities


You were on level 2 of the Dungeon.
You visited 1 branch of the dungeon, and saw 2 of its levels.

You collected 94 gold pieces.

Inventory:

Hand Weapons
 a - a +1 dagger (weapon)
Armour
 b - a +0 robe (worn)
Wands
 e - a wand of acid (7)
Scrolls
 f - 3 scrolls of teleportation


   Skills:
 + Level 1.1 Short Blades
 + Level 1.8 Dodging
 + Level 4.5 Stealth
 + Level 2.3 Spellcasting
 + Level 3.2 Hexes


You couldn't memorise any spells.
You knew the following spells:

 Your Spells              Type           Power      Damage    Failure   Level
a - Corona                Hex            13%        N/A       5%          1
b - Ensorcelled Hibernat  Hex/Ice        14%        N/A       16%         2
c - Confusing Touch       Hex            12%        N/A       16%         3

Your spell library contained the following spells:

 Spells                   Type           Power      Damage    Failure   Level
 Tukima's Dance           Hex            12%        N/A       16%         3
 Dazzling Flash           Conj/Hex       14%        N/A       30%         3
 Conjure Ball Lightning   Conj/Air       0%         3x3d6     100%        6
 Discord                  Hex            6%         N/A       100%        8
 Disjunction              Tloc           0%         N/A       100%        8


Dungeon Overview and Level Annotations

Branches:
Dungeon (2/15)

Altars:


Innate Abilities, Weirdness & Mutations

You have extremely sharp teeth.
When hurt, damage is shared between your health and your magic reserves.
Your bite disrupts and absorbs the magic of your enemies.
Potions cannot restore your health.


Message History

Found an escape hatch in the ceiling.
There are monsters nearby!
There are monsters nearby!
There are monsters nearby!
The rat bites you but does no damage.
You barely miss the rat. The rat closely misses you.
You barely miss the rat. Your bite misses the rat. The rat misses you.
You hit the rat. Your bite misses the rat.
The rat is heavily wounded.
The rat closely misses you.
You hit the rat.
You kill the rat!
The rat barely misses you.
You closely miss the rat. Your bite misses the rat. The rat barely misses you.
You hit the rat.
You kill the rat!
No target in view!
No target in view!
A kobold comes into view. It is wielding a +2 dagger of venom.
A kobold is nearby!
A kobold is nearby!
A kobold is nearby!
A kobold is nearby!
The kobold shouts!
Found 14 gold pieces.
The kobold throws a stone.
The stone barely misses you.
The kobold throws a stone.
The stone hits you.
The kobold hits you with a +2 dagger of venom.
You are lethally poisoned!
You barely miss the kobold. Your bite misses the kobold.
You feel very sick.
The kobold hits you with a +2 dagger of venom.
You are too injured to fight recklessly!
You are too injured to fight recklessly!
You are too injured to fight recklessly!
You feel protected.
* * * LOW HITPOINT WARNING * * *
You feel very sick. The kobold misses you.
You die...

.. ####.. ##.... #$....
#....###
#.#....#####.##
#.#..#..K......
#.#...@#######.
#.#.#.## #.#.#.#
############## #.#.#.##
#.............
#.#....###>####.>.####.
####.#..#............#
#.
#..............###...#
##. #.###########..#
##.####.. #.#
#####..####.......


You could see a kobold.

Vanquished Creatures
  A worm (D:2)
  2 dart slugs (D:2)
  2 ball pythons (D:1)
  2 endoplasms (D:1)
  A giant cockroach (D:1)
  4 goblins
  3 hobgoblins
  2 kobolds (D:1)
  2 frilled lizards (D:1)
  3 rats
22 creatures vanquished.

Notes
Turn   | Place    | Note
-------+----------+-------------------------------------------
     0 | D:1      | Malachi the Vine Stalker Enchanter began the quest for the
                  | Orb.
     0 | D:1      | Reached XP level 1. HP: 9/9 MP: 4/4
   177 | D:1      | Reached skill level 4 in Stealth
   177 | D:1      | Reached XP level 2. HP: 9/13 MP: 4/6
   827 | D:1      | Learned a level 2 spell: Ensorcelled Hibernation
  1016 | D:2      | Reached XP level 3. HP: 16/16 MP: 7/7
  1020 | D:2      | Learned a level 3 spell: Confusing Touch
  1177 | D:2      | Reached skill level 1 in Short Blades
  1456 | D:2      | Succumbed to a kobold's poison

Illustrated notes

Levels and vault maps discovered:
D:1:      heliophobic_arrival_dark_side_of_the_moon, layout_basic,
          kennysheep_pointless_box
D:2:      layout_loops_ring

Skill      XL: |  1  2  3 |
---------------+----------+-----
Stealth        | 4 |  4.5
Short Blades   | 1 |  1.1
Dodging        | |  1.8
Spellcasting   | |  2.3
Hexes          | |  3.2

Action                   || total
-------------------------++-------
Melee: Dagger            ||    61
       Bite              ||    15
 Cast: Ensorcelled Hiber ||     3
  Use: Scroll            ||     2
       Potion            ||     1
 Stab: Sleeping          ||     6
Armor: Robe              ||     7
Dodge: Dodged            ||    24
